 Dungeon Crawl Stone Soup version 0.31-a0-259-g771a54ca4b (webtiles) character file.

Game seed: 3851177348985432230

86 qw the Shooter (level 4, -6/26 HPs)
             Began as a Gargoyle Hexslinger on July 13, 2023.
             Killed from afar by an orc wizard (12 damage)
             ... with a puff of flame
             ... on level 2 of the Dungeon.
             The game lasted 00:00:49 (1265 turns).

qw the Shooter (Gargoyle Hexslinger)                Turns: 1265, Time: 00:00:49

Health: -6/26      AC: 10    Str: 11    XL:     4   Next: 49%
Magic:  5/5        EV: 10    Int: 14    God:
Gold:   108        SH:  0    Dex: 14    Spells: 4/5 levels left

rFire   . . .        Y - +1 sling
rCold   . . .        (no shield)
rNeg    + . .        b - +0 ring mail
rPois   inf          (no helmet)
rElec   +            l - +0 cloak
rCorr   .            j - +0 pair of gloves
SInv    .            (no boots)
Will    .....        (no amulet)
Stlth   +            (no ring)
HPRegen 0.24/turn    (no ring)
MPRegen 0.09/turn

%: no passive effects
@: no status effects
A: sickness immunity, AC +3, negative energy resistance 1, electricity
resistance, torment resistance 1, petrification resistance
a: no special abilities


You were on level 2 of the Dungeon.
You visited 1 branch of the dungeon, and saw 3 of its levels.

You collected 108 gold pieces.


Innate Abilities, Weirdness & Mutations

You are immune to sickness and miasma.
Your stone body is resilient. (AC +3)
You are immune to poison.
You resist negative energy. (rN+)
You are resistant to electric shocks. (rElec)
You are resistant to unholy torment.
You are immune to petrification.


   Skills:
 - Level 2.0 Fighting
 - Level 4.1 Ranged Weapons
 + Level 0.7 Armour
 - Level 1.5 Dodging
 - Level 1.0 Spellcasting
 - Level 2.6 Hexes


You had 4 spell levels left.
You knew the following spells:

 Your Spells              Type           Power      Damage    Failure   Level
a - Slow                  Hex            32%        N/A       22%         1

Your spell library contained the following spells:

 Spells                   Type           Power      Damage    Failure   Level
 Inner Flame              Hex/Fire       4%         N/A       73%         3
 Portal Projectile        Hex/Tloc       8%         N/A       73%         3
 Cause Fear               Hex            4%         N/A       91%         4

Inventory:

Hand Weapons
 Y - a +1 sling (weapon)
Armour
 b - a +0 ring mail (worn)
 j - a +0 pair of gloves (worn)
 l - a +0 cloak (worn)
Scrolls
 h - a scroll of identify
Potions
 g - a potion of curing
 k - a potion of haste
 n - a potion of resistance {unknown}

Dungeon Overview and Level Annotations

Branches:
Dungeon (3/15)

Altars:


Message History

The orc hits you but does no damage.
You shoot a sling bullet.
The sling bullet closely misses the orc wizard.
The orc wizard hits you with a +0 dagger.
The orc hits you but does no damage.
You shoot a sling bullet.
The sling bullet barely misses the orc wizard.
The orc wizard hits you with a +0 dagger.
The orc closely misses you.
You shoot a sling bullet.
The sling bullet barely misses the orc wizard.
The orc wizard hits you with a +0 dagger.
The orc hits you with a +0 club.
The orc wizard gestures wildly while chanting.
The orc wizard flickers and vanishes!
Deactivating autopickup; reactivate with Ctrl-A.
The orc hits you but does no damage.
You shoot a sling bullet.
The sling bullet closely misses the orc.
Something hits you. The orc barely misses you.
You shoot a sling bullet.
The sling bullet closely misses the orc.
Something hits you. The orc closely misses you.
You shoot a sling bullet.
The sling bullet hits the orc but does no damage.
Something hits you but does no damage. The orc hits you but does no damage.
Something hits you but does no damage. The orc hits you with a +0 club.
You shoot a sling bullet. The sling bullet hits the orc.
The orc is heavily wounded.
Something hits you but does no damage. The orc hits you but does no damage.
You shoot a sling bullet. The sling bullet barely misses the orc.
Something hits you. The orc barely misses you.
You shoot a sling bullet. The sling bullet hits the orc.
You kill the orc!
Something hits you but does no damage. x2
You shoot a sling bullet.
You hear some strange, mumbled words.
A puff of flame appears from out of thin air!
The puff of flame hits you!
You die...

...# #.........#.#.# #.. ...#
#...........#.# #.. ...#
###.........###.#########.. ...#
#.......................... ...#
###..>......###.#######.#.. ####
#####.#..####..## #.#.. ####
######..#..##.....# ###.#..
...####......##.###.....# #....##
##.............{@)......# #....#
######...#.##..).......###.<..#
##..#.##.................#
##...##..........###....#
##.....#######.####....# ##
##......### #.###.....## .#
#######.##)....###.........##
.####.......#..#.#.....).......##
...............#.............####


There were no monsters in sight!

Vanquished Creatures
  An adder (D:2)
  A worm (D:2)
  2 dart slugs
  4 orcs (D:2)
  9 endoplasms
  4 giant cockroaches
  5 goblins
  3 hobgoblins (D:1)
  6 jackals (D:2)
  4 quokkas
  4 ball pythons (D:1)
  6 bats
  A frilled lizard (D:1)
  2 kobolds
  7 rats
59 creatures vanquished.

Notes
Turn   | Place    | Note
-------+----------+-------------------------------------------
     0 | D:1      | qw the Gargoyle Hexslinger began the quest for the Orb.
     0 | D:1      | Reached XP level 1. HP: 12/12 MP: 2/2
     0 | D:1      | 0 ||| qw: Version: 0.3-a-52-g30416fa
     0 | D:1      | 0 ||| qw: Game counter: 6924
     0 | D:1      | 0 ||| qw: Melee chars always use a shield: true
     0 | D:1      | 0 ||| qw: God list: Okawaru
     0 | D:1      | 0 ||| qw: Allow faded altars: false
     0 | D:1      | 0 ||| qw: Do Orc after clearing Dungeon:15 true
     0 | D:1      | 0 ||| qw: Do second Lair branch before Depths: true
     0 | D:1      | 0 ||| qw: Lair rune preference: random
     0 | D:1      | 0 ||| qw: Goals: Normal
     0 | D:1      | 0 ||| PLANNING D:1-11
    64 | D:1      | Reached XP level 2. HP: 16/16 MP: 3/3
   103 | D:1      | Reached skill level 3 in Ranged Weapons
   251 | D:1      | Reached XP level 3. HP: 21/21 MP: 4/4
   535 | D:1      | 535 ||| UPGRADING to +0 pair of gloves.
   540 | D:1      | 540 ||| UPGRADING to +0 cloak.
   545 | D:1      | 545 ||| READING scroll labelled HUUHOPLONATE.
   546 | D:1      | 546 ||| READING scroll labelled ZIUBIP MAUHAG.
   547 | D:1      | 547 ||| READING 2 scrolls labelled ANIG VIMEO.
   548 | D:1      | 548 ||| DRINKING 2 sedimented white potions.
   549 | D:1      | 549 ||| DROPPING scroll of poison.
   715 | D:2      | Reached XP level 4. HP: 22/26 MP: 5/5
   768 | D:2      | Reached skill level 4 in Ranged Weapons
  1130 | D:2      | 1130 ||| UPGRADING to +0 ring mail.
  1140 | D:2      | 1140 ||| DROPPING +0 robe.
  1141 | D:2      | 1141 ||| READING scroll labelled TUCSOU UBUUD.
  1142 | D:2      | 1142 ||| READING scroll labelled IZOURGH LITO.
  1162 | D:2      | 1162 ||| READING scroll labelled CISAOCENIJ.
  1163 | D:2      | 1163 ||| READING 5 scrolls of identify.
  1163 | D:2      | 1163 ||| IDENTIFYING bubbling brown potion
  1164 | D:2      | 1164 ||| READING 4 scrolls of identify.
  1164 | D:2      | 1164 ||| IDENTIFYING dark potion
  1165 | D:2      | 1165 ||| READING 3 scrolls of identify.
  1165 | D:2      | 1165 ||| IDENTIFYING purple potion
  1166 | D:2      | 1166 ||| READING 2 scrolls of identify.
  1166 | D:2      | 1166 ||| IDENTIFYING glowing dark potion
  1167 | D:2      | 1167 ||| DROPPING potion of magic.
  1168 | D:2      | 1168 ||| DROPPING potion of berserk rage.
  1169 | D:2      | 1169 ||| DROPPING potion of brilliance.
  1201 | D:3      | 1201 ||| STAIRDANCE
  1249 | D:3      | 1249 ||| STAIRDANCE
  1263 | D:2      | HP: 5/26 [something (2)]
  1265 | D:2      | Killed from afar by an orc wizard

Levels and vault maps discovered:
D:1:      minmay_arrival_glassed_features, layout_rooms
D:2:      layout_rooms
D:3:      layout_loops_ring, hellmonk_ghost_happy_afterlife,
          minmay_curled_crystal, serial_bayou_lagoon_b

Skill      XL: |  1  2  3  4 |
---------------+-------------+-----
Ranged Weapons | 3 4 |  4.1
Fighting       | 2 |  2.0
Armour         | |  0.7
Dodging        | |  1.5
Spellcasting   | |  1.0
Hexes          | |  2.6

Action                     |  1- 3 |  4- 6 || total
---------------------------+-------+-------++-------
   Fire: Sling             |   144 |    71 ||   215
    Use: Scroll            |     3 |     7 ||    10
         Potion            |     1 |       ||     1
 Armour: Robe              |    41 |     8 ||    49
         Ring mail         |       |    29 ||    29
  Dodge: Dodged            |    50 |    31 ||    81

Table legend:
 A = Non-vault XP
 B = Vault XP
 C = Vault XP percentage of total XP
 D = Non-vault monster count
 E = Vault monster count
 F = Vault count percentage of total count
                 A         B        C        D         E       F
            +---------+---------+-------+---------+---------+-------
      Total |     123 |       0 |   0.0 |      59 |       0 |   0.0
            +---------+---------+-------+---------+---------+-------
        D:1 |      56 |       0 |   0.0 |      33 |       0 |   0.0
        D:2 |      67 |       0 |   0.0 |      26 |       0 |   0.0
            +---------+---------+-------+---------+---------+-------
